 Dungeon Crawl Stone Soup version 0.17-a0-2063-gdaf50f8 (webtiles) character file.

91 Sinocard the Sneak (level 4, -1/29 HPs)
             Began as an Octopode Assassin on Oct 12, 2015.
             Was an Initiate of Dithmenos.
             Slain by edsrzf's ghost (8 damage)
             ... on level 3 of the Dungeon.
             The game lasted 00:10:24 (1318 turns).

Sinocard the Sneak (Octopode Assassin)              Turns: 1318, Time: 00:10:24

Health: -1/29      AC:  3    Str: 10    XL:     4   Next: 57%
Magic:  4/4        EV: 12    Int: 13    God:    Dithmenos [......]
Gold:   180        SH:  0    Dex: 14    Spells: 0 memorised, 3 levels left

rFire  x . .     SeeInvis .     a - +2 dagger
rCold  + . .     Clarity  .     (no shield)
rNeg   . . .     SustAt   .     h - +2 hat
rPois  .         Gourm    .     (no amulet)
rElec  .         Spirit   .     j - ring of ice
rCorr  .         Warding  .     (no ring)
rMut   .         Stasis   .     (no ring)
MR     .....                    (no ring)
Stlth  +++++.....               (no ring)
                                (no ring)
                                (no ring)
                                (no ring)

@: not resistant to hostile enchantments, quite stealthy
A: almost no armour, amphibious, 8 rings, constrict 8, camouflage 1, gelatinous
body 1
a: Renounce Religion


You were on level 3 of the Dungeon.
You worshipped Dithmenos.
Dithmenos was noncommittal.
You were not hungry.

You visited 1 branch of the dungeon, and saw 3 of its levels.

You collected 180 gold pieces.

Inventory:

Hand Weapons
 a - a +2 dagger (weapon)
 b - a +0 blowgun
Missiles
 c - 22 poisoned needles
 d - 2 curare-tipped needles
Armour
 h - a +2 hat (worn)
Jewellery
 j - a ring of ice (left tentacle)
Scrolls
 g - 2 scrolls of remove curse {unknown}
 k - a scroll of fear {unknown}
 m - a scroll of enchant weapon {unknown}
 n - 2 scrolls of noise {unknown}
 p - a scroll of amnesia {unknown}
 r - a scroll of enchant armour {unknown}
 s - a scroll of blinking {unknown}
Potions
 f - a potion of brilliance {unknown}
 l - a potion of ambrosia {unknown}
Books
 q - a book of Flames

   Spells                             Type                      Level
   a - Flame Tongue                   Conjuration/Fire             1
   b - Throw Flame                    Conjuration/Fire             2
   c - Conjure Flame                  Conjuration/Fire             3
   d - Inner Flame                    Hexes/Fire                   3
   e - Sticky Flame                   Conjuration/Fire             4
   f - Fireball                       Conjuration/Fire             5
   Dithmenos disapproves of the use of such an item.
Comestibles
 e - 7 bread rations
 i - 2 meat rations


   Skills:
 + Level 2.2 Fighting
 + Level 2.1 Short Blades
 - Level 2.2 Throwing
 + Level 1.5 Dodging
 + Level 7.4 Stealth


You had 3 spell levels left.
You didn't know any spells.

Dungeon Overview and Level Annotations

Branches:
Dungeon (3/15)

Altars:
Dithmenos
Nemelex Xobeh

Annotations:
D:3 edsrzf's ghost, amateur CeHu


Innate Abilities, Weirdness & Mutations

You cannot wear most types of armour.
You are amphibious.
You can wear up to eight rings at the same time.
You can use your tentacles to constrict eight enemies at once.
Your skin changes colour to match your surroundings (Stealth).
Your rubbery body absorbs attacks (AC +1).


Message History

You squeeze edsrzf's ghost.
Edsrzf's ghost is heavily damaged.
Edsrzf's ghost hits you.
* * * LOW HITPOINT WARNING * * *
You miss edsrzf's ghost.
Edsrzf's ghost is heavily damaged.
Edsrzf's ghost closely misses you.
You barely miss edsrzf's ghost. You squeeze edsrzf's ghost.
Edsrzf's ghost is heavily damaged.
Edsrzf's ghost hits you but does no damage.
You miss edsrzf's ghost.
Edsrzf's ghost is heavily damaged.
Edsrzf's ghost barely misses you.
You closely miss edsrzf's ghost.
Edsrzf's ghost is heavily damaged.
Edsrzf's ghost barely misses you.
You closely miss edsrzf's ghost.
Edsrzf's ghost is heavily damaged.
Edsrzf's ghost hits you!
You die...

.........# #.... #........##.
#...######## ............
#........<.# ...........#
###+## #........#
..##'###.#####...(#
###........# ..##.#
##...##...####....####+##
..##'####.....##..'.......+
.......#.......#..#.......#
##.....#.#(_.#.#@.#...........
#.......##.##hW###....#.......
####'##...###...#
#....#.......
#..............##
#....#....... #.............##
#....#....... #........#....#
############# #.............#
#.............#
#.............#


You could see edsrzf's ghost and a jackal.

Vanquished Creatures
  4 adders (D:2)
  A gnoll (D:1)
  A worm (D:2)
  A giant gecko (D:1)
  4 bats
  4 goblins
  7 hobgoblins
  5 kobolds
  2 giant cockroaches
  6 giant newts
  2 jackals (D:3)
  5 rats
42 creatures vanquished.

Notes
Turn   | Place    | Note
--------------------------------------------------------------
     0 | D:1      | Sinocard the Octopode Assassin began the quest for the Orb.
     0 | D:1      | Reached XP level 1. HP: 14/14 MP: 1/1
   177 | D:1      | Reached XP level 2. HP: 17/19 MP: 2/2
   452 | D:1      | Reached skill level 6 in Stealth
   467 | D:1      | Reached XP level 3. HP: 13/24 MP: 3/3
   492 | D:1      | Found a sparkling altar of Nemelex Xobeh.
   768 | D:2      | Reached XP level 4. HP: 18/29 MP: 4/4
   862 | D:2      | Reached skill level 7 in Stealth
  1234 | D:3      | Found a shadowy altar of Dithmenos.
  1239 | D:3      | Became a worshipper of Dithmenos the Shadowed
  1240 | D:3      | Noticed edsrzf's ghost (amateur CeHu)
  1318 | D:3      | Slain by edsrzf's ghost

Vault maps used:
D:1:      wheals_arrival_linesprint, st_stairs_3, minmay_misc_feat_alley,
          nemelex_diamond_rough_becter
D:3:      overflow_temple_1_default, makhleb_heckhound_becter, first_bread,
          nicolae_dithmenos_through_a_glass_darkly

Action                   |  1- 3 |  4- 6 || total
-------------------------+-------+-------++-------
Melee: Dagger            |    44 |    60 ||   104
 Fire: Blowgun           |       |     2 ||     2
  Use: Potion            |       |     2 ||     2
 Stab: Sleeping          |    11 |     5 ||    16
  Eat: Chunk             |       |     1 ||     1
